 Dungeon Crawl Stone Soup version 0.19-a0-1007-g133f65f (webtiles) character file.

573007 ololoev the Executioner (level 27, -5/254 HPs)
             Began as a Hill Orc Arcane Marksman on July 19, 2016.
             Was the Champion of Makhleb.
             Slain by a Killer Klown (16 damage)
             ... on level 10 of a ziggurat.
             The game lasted 04:06:11 (68328 turns).

ololoev the Executioner (Hill Orc Arcane Marksman) Turns: 68328, Time: 04:06:11

Health: -5/254     AC: 39    Str: 39    XL:     27
Magic:  22/27      EV: 16    Int: 19    God:    Makhleb [******]
Gold:   2645       SH:  0    Dex: 13    Spells: 4 memorised, 26 levels left

rFire  + + .     SeeInvis +     a - +9 executioner's axe (vamp)
rCold  + . .     Gourm    .     I - +10 gold dragon armour
rNeg   + + .     Faith    .     (shield currently unavailable)
rPois  +         Spirit   .     t - +1 hat of Starshine {+Fly Str+3 Slay+3}
rElec  .         Dismiss  +     c - +1 cloak "Xoguixeh" {rN++ Int+3 Slay+3}
rCorr  +         Reflect  .     q - +2 pair of gloves
SustAt .         Harm     .     z - +0 pair of boots of Gafin {rCorr MP-9 Str+4 Slay+3}
MR     ++++.     Clarity  +     Y - amulet of Yniakat {Dismiss MR+ SInv}
Stlth  ..........               s - ring "Xydor" {MR+ Str+4 Dex-2 Slay+5}
                                R - ring of Heuwk {rF+ Str+2 Dex+3 Stlth+}

@: singing, corroded, regenerating, slowed, very slow, incredibly resistant to
hostile enchantments, extremely unstealthy
A: clarity, clever 1, poison resistance, strong 1, wild magic 1, evolution 1
a: Minor Destruction, Lesser Servant of Makhleb, Major Destruction, Greater
Servant of Makhleb, Renounce Religion, Stop Singing, Evoke Flight
}: 3/15 runes: barnacled, silver, gossamer


Innate Abilities, Weirdness & Mutations

You possess an exceptional clarity of mind.
Your mind is acute. (Int +2)
Your system is resistant to poisons. (rPois)
Your muscles are strong. (Str +2)
Your spells are a little harder to cast, but a little more powerful.
You evolve.

Inventory:

Hand Weapons
 a - a +9 vampiric executioner's axe (weapon)
Armour
 c - the +1 cloak "Xoguixeh" (worn) {rN++ Int+3 Slay+3}
   (You bought it in a shop on level 3 of the Vaults)

   It affects your intelligence (+3).
   It affects your accuracy and damage with ranged weapons and melee attacks
   (+3).
   It greatly protects you from negative energy.
 q - a +2 pair of gloves (worn)
 t - the +1 hat of Starshine (worn) {+Fly Str+3 Slay+3}
   (You found it in a treasure trove)

   It affects your strength (+3).
   It affects your accuracy and damage with ranged weapons and melee attacks
   (+3).
   It lets you fly.
 z - the +0 pair of boots of Gafin (worn) {rCorr MP-9 Str+4 Slay+3}
   (You found it in a treasure trove)

   It affects your strength (+4).
   It affects your accuracy and damage with ranged weapons and melee attacks
   (+3).
   It affects your magic capacity (-9).
   It protects you from acid and corrosion.
 I - a +10 gold dragon armour (worn)
Jewellery
 s - the ring "Xydor" (right hand) {MR+ Str+4 Dex-2 Slay+5}
   (You took it off a deep elf blademaster on level 3 of the Elven Halls)

   [ring of protection from magic]

   It affects your strength (+4).
   It affects your dexterity (-2).
   It affects your accuracy and damage with ranged weapons and melee attacks
   (+5).
   It affects your resistance to hostile enchantments.
 R - the ring of Heuwk (left hand) {rF+ Str+2 Dex+3 Stlth+}
   (You found it on level 12 of the Dungeon)

   [ring of dexterity]

   It affects your strength (+2).
   It affects your dexterity (+3).
   It protects you from fire.
   It makes you more stealthy.
 Y - the amulet of Yniakat (around neck) {Dismiss MR+ SInv}
   (You bought it in a shop on level 2 of the Orcish Mines)

   [amulet of dismissal]

   It may teleport away creatures that harm you.
   It affects your resistance to hostile enchantments.
   It lets you see invisible.
Wands
 E - a wand of disintegration (8/24)
 G - a wand of digging (14/24)
Scrolls
 g - a scroll of enchant armour
 i - 16 scrolls of remove curse
 l - 7 scrolls of recharging
 p - 9 scrolls of magic mapping
 r - 7 scrolls of enchant weapon
 u - 15 scrolls of identify
 v - 16 scrolls of immolation
 y - 5 scrolls of fear
 F - 21 scrolls of teleportation
 J - 2 scrolls of blinking
 M - 5 scrolls of holy word
 T - 7 scrolls of silence
 W - 3 scrolls of fog
Potions
 e - 7 potions of cancellation
 h - 7 potions of haste
 k - 2 potions of cure mutation
 n - 5 potions of agility
 o - 19 potions of curing
 B - 7 potions of magic
 C - 6 potions of flight
 K - 12 potions of ambrosia
 N - 3 potions of resistance
 O - 3 potions of might
Miscellaneous
 d - a disc of storms
Comestibles
 b - 4 chunks of flesh
 f - 25 bread rations
 m - 22 fruits
 x - 23 beef jerkies
 H - 5 meat rations


   Skills:
 + Level 21.9 Fighting
 - Level 26.1 Axes
 - Level 7.8 Throwing
 + Level 20.6 Armour
 + Level 15.6 Dodging
 + Level 9.6 Spellcasting
   Level 3.0 Hexes
 + Level 11.0 Charms
 + Level 12.2 Necromancy
 * Level 3.7 Transmutations
 - Level 15.2 Invocations
 + Level 3.1 Evocations


You had 26 spell levels left.
You knew the following spells:

 Your Spells              Type           Power        Failure   Level  Hunger
a - Regeneration          Chrm/Necr      ######....   2%          3    None
b - Song of Slaying       Chrm           ######..     1%          2    None
c - Necromutation         Tmut/Necr      ######....   100%        8    #######
d - Haste                 Chrm           ######..     88%         6    ######.


You were on level 10 of a ziggurat.
You worshipped Makhleb.
Makhleb was exalted by your worship.
You were hungry.

You visited 10 branches of the dungeon, and saw 48 of its levels.
You visited 1 ziggurat, and saw 10 of its levels.
You also visited: Trove and Bailey.

You collected 7646 gold pieces.
You spent 5001 gold pieces at shops.

▓▓▓.........▓▓▓
▓.............▓▓
...............▓▓
................▓▓
.................▓
}.....s..........▓
[=...6&#p........▓▓
![....§@p......∩..▓
)....Tp#†........▓▓
.................▓
.................▓
................▓▓
...............▓▓
▓.............▓▓
▓▓▓.........▓▓▓

Notes
Turn   | Place    | Note
-------+----------+-------------------------------------------
     0 | D:1      | ololoev the Hill Orc Arcane Marksman began the quest for the Orb.
     0 | D:1      | Reached XP level 1. HP: 16/16 MP: 2/2
   614 | D:1      | Reached XP level 2. HP: 19/24 MP: 3/3
  1058 | D:1      | Reached skill level 1 in Armour
  1126 | D:1      | Reached XP level 3. HP: 29/29 MP: 4/4
  2344 | D:2      | Reached XP level 4. HP: 32/37 MP: 5/5
  2750 | D:3      | Found a deep blue altar of Sif Muna.
  3074 | D:3      | Reached XP level 5. HP: 41/45 MP: 6/6
  3901 | D:4      | Reached XP level 6. HP: 47/52 MP: 7/7
  3916 | D:3      | Reached skill level 1 in Axes
  4255 | D:4      | Goblin1989: топор же лежал
  4260 | D:4      | ololoev: так уже есть топор
  4287 | D:4      | Reached skill level 2 in Axes
  4545 | D:5      | Entered Level 5 of the Dungeon
  4774 | D:5      | Found a shattered altar of Ashenzari.
  4817 | D:5      | Noticed a phantom
  4823 | D:5      | Became a worshipper of Beogh the Brigand
  4829 | D:5      | Found a staircase to the Ecumenical Temple.
  4857 | D:5      | Killed a phantom
  4857 | D:5      | Reached skill level 3 in Axes
  4857 | D:5      | Reached XP level 7. HP: 33/60 MP: 8/8
  5143 | D:5      | Reached skill level 1 in Invocations
  5538 | D:6      | Found a sacrificial altar of Ru.
  5606 | D:6      | Reached skill level 4 in Axes
  5753 | D:6      | Reached skill level 5 in Fighting
  5753 | D:6      | Reached skill level 5 in Axes
  5753 | D:6      | Reached XP level 8. HP: 34/68 MP: 9/9
  5923 | D:6      | Found a shimmering altar of Xom.
  6055 | D:6      | Reached skill level 5 in Armour
  6320 | D:6      | Reached skill level 6 in Axes
  6750 | D:6      | Reached skill level 7 in Axes
  6787 | D:6      | Reached * piety under Beogh
  6787 | D:6      | Reached skill level 5 in Throwing
  6994 | D:7      | Reached XP level 9. HP: 50/75 MP: 12/12
  7590 | D:7      | Reached skill level 8 in Axes
  7599 | D:7      | Found a shadowy altar of Dithmenos.
  7996 | D:7      | Reached ** piety under Beogh
  7996 | D:7      | Reached skill level 5 in Invocations
  8058 | D:7      | Found an opulent altar of Gozag.
  8131 | D:7      | Reached skill level 9 in Axes
  8263 | D:7      | Found a stormy altar of Qazlal.
  8452 | D:8      | Noticed Erica
  8473 | D:8      | Killed Erica
  8473 | D:8      | Reached skill level 10 in Axes
  8473 | D:8      | Reached XP level 10. HP: 23/86 MP: 3/14
  9189 | D:8      | Noticed removeelyvilon's ghost (novice DrCj)
 10377 | D:8      | Noticed Maurice
 10392 | D:8      | Killed Maurice
 10392 | D:8      | Reached skill level 11 in Axes
 10422 | D:8      | Noticed Psyche
 10431 | D:8      | Killed Psyche
 10460 | D:8      | Killed removeelyvilon's ghost
 11262 | D:9      | Reached XP level 11. HP: 95/95 MP: 16/16
 11302 | D:9      | Found a hide-covered altar of Uskayaw.
 11305 | D:9      | Found a radiant altar of Vehumet.
 11305 | D:9      | Found a hazy altar of Hepliaklqana.
 11307 | D:9      | Found an ancient bone altar of Kikubaaqudgha.
 11307 | D:9      | Found an oddly glowing altar of Pakellas.
 11449 | D:9      | DEFE: Голодно
 11500 | D:9      | ololoev: yo
 11509 | D:9      | DEFE: привет
 11546 | D:9      | DEFE: что тут у вас
 11550 | D:9      | DEFE: интересного
 11550 | D:9      | ololoev: делаю всякие рандомные !decentchar комбы
 11550 | D:9      | ololoev: вчера сделал по фану ДД дживы
 11550 | D:9      | ololoev: это было унизительно
 11579 | D:9      | Noticed Grum
 11615 | D:9      | DEFE: Игра с дживой в принципе унизительна
 11619 | D:9      | HP: 2/95 [wolf[Grum] (3)]
 11621 | D:9      | DEFE: фир
 12016 | D:9      | DEFE: ноу айтемс
 12024 | D:9      | Reached skill level 12 in Axes
 12068 | D:9      | DEFE: шкуру
 12069 | D:9      | DEFE: не оставил?
 12095 | D:9      | Killed Grum
 12441 | D:9      | DEFE: лол
 12453 | D:9      | DEFE: ты табал визарда
 12453 | D:9      | ololoev: орочков будет побольше
 12453 | D:9      | DEFE: с электроножом
 12788 | D:10     | Entered Level 10 of the Dungeon
 12864 | D:10     | Found a flagged portal.
 12869 | D:10     | Reached *** piety under Beogh
 13043 | Bailey   | Entered a bailey
 13048 | Bailey   | Noticed an orc warlord
 13051 | Bailey   | Noticed Xiguana's ghost (journeyman MiBe)
 13054 | Bailey   | ololoev: чертов ксигги
 13054 | Bailey   | ololoev: нашел где помереть
 13105 | Bailey   | Noticed an orc knight
 13125 | Bailey   | Killed an orc knight
 13135 | Bailey   | Noticed CypherZel's ghost (novice MiFi)
 13148 | Bailey   | Found a runed gate.
 13207 | Bailey   | Found a runed gate.
 13207 | Bailey   | Found a runed gate.
 13245 | Bailey   | ololoev: чет я не пони
 13245 | Bailey   | ololoev: как он выбрался то?
 13266 | Bailey   | Killed CypherZel's ghost
 13276 | Bailey   | ololoev: лол
 13276 | Bailey   | ololoev: их два!!!
 13296 | Bailey   | Killed an orc warlord
 13303 | Bailey   | Killed Xiguana's ghost
 13303 | Bailey   | Reached skill level 13 in Axes
 13330 | Bailey   | Got a warped amber ring
 13332 | Bailey   | Identified the ring of the Crushed Ghosts {+Fly MR+} (You found it in a bailey)
 13556 | D:10     | ololoev: ну блин
 13556 | D:10     | Goblin1989: че, после криптов второй зиг делать?
 13556 | D:10     | ololoev: ну идиот!!
 13556 | D:10     | ololoev: делай
 13686 | D:10     | Found Gozag's Platinum Reserve.
 13716 | D:10     | Found a snail-covered altar of Cheibriados.
 13727 | D:10     | Found an opulent altar of Gozag.
 13741 | D:10     | ololoev: офигеть, в гозагошопе что-то стоит всего 10 голды!
 14604 | D:10     | Found a staircase to the Lair.
 14807 | D:11     | ololoev: так
 14807 | D:11     | ololoev: че там с даванием оркам арбалетов?
 14807 | D:11     | ololoev: болты бесконечные?
 14927 | D:11     | Reached XP level 12. HP: 104/106 MP: 18/18
 14950 | D:11     | Found a staircase to the Orcish Mines.
 15968 | D:11     | Reached **** piety under Beogh
 16425 | Lair:1   | Entered Level 1 of the Lair of Beasts
 16540 | Lair:1   | Found a shattered altar of Ashenzari.
 16626 | Lair:1   | DEFE: рекалла с других этажей все не завезли?
 16628 | Lair:1   | ololoev: а чет вообще реколла не завезли
 16628 | Lair:1   | ololoev: и вроде у беога с других этаже работает
 16642 | Lair:1   | ololoev: о
 16642 | Lair:1   | DEFE: 2 маны
 16642 | Lair:1   | ololoev: вот только завезли реколл
 16642 | Lair:1   | DEFE: 0 пиети
 16642 | Lair:1   | DEFE: 0 голода
 16781 | Lair:1   | Reached skill level 10 in Fighting
 16985 | Lair:1   | Reached skill level 14 in Axes
 17669 | Lair:1   | DEFE: оружие одно охуительнее другого
 17679 | Lair:1   | DEFE: мейс и флейл
 17681 | Lair:1   | DEFE: у рыцпрей
 17689 | Lair:1   | DEFE: с мейсом-то он надомажит
 17689 | Lair:1   | ololoev: надо их как-то разделить
 17689 | Lair:1   | ololoev: и взять с собой пристов
 17689 | Lair:1   | ololoev: чтоб до хай пристов быстрее качнулись
 17689 | Lair:1   | ololoev: после чего саммоны зарешают
 18240 | Lair:2   | Reached skill level 10 in Invocations
 18388 | Lair:2   | Reached ***** piety under Beogh
 18388 | Lair:2   | Gained Bolgrim as an ally
 18721 | Lair:3   | Noticed an eight-headed hydra
 18736 | Lair:3   | HP: 3/107 [eight-headed hydra (6)]
 18739 | Lair:3   | Killed an eight-headed hydra
 19819 | Lair:4   | Gained Bogbrand as an ally
 20127 | Lair:4   | Reached XP level 13. HP: 97/115 MP: 20/20
 20154 | Lair:4   | Found a hole to the Spider Nest.
 20230 | Lair:4   | Reached skill level 10 in Armour
 20240 | Lair:4   | Reached skill level 15 in Axes
 20272 | Lair:4   | Found a staircase to the Shoals.
 20648 | Lair:5   | Identified Sif Muna's Papyrus of Congealing Flight
 20781 | Lair:5   | Found an oddly glowing altar of Pakellas.
 20830 | Lair:5   | Found a staircase to the Slime Pits.
 20830 | Lair:5   | Found a viscous altar of Jiyva.
 21517 | Lair:5   | Reached ****** piety under Beogh
 21854 | Lair:5   | Got a dazzling rapier
 21856 | Lair:5   | Identified the +4 rapier of Uskayaw's Pride {flame, *Rage +Inv rF+ Int+4} (You found it on level 5 of the Lair of Beasts)
 21858 | Lair:5   | ololoev: такс такс
 21858 | Lair:5   | ololoev: интересно, rage* прокает на орках?
 22171 | Lair:6   | Entered Level 6 of the Lair of Beasts
 22442 | Lair:6   | Reached skill level 16 in Axes
 22514 | Lair:6   | DEFE: Интересно робит ли джихад
 22517 | Lair:6   | DEFE: я два или три раза находил его
 22518 | Lair:6   | Gained Bogric as an ally
 22521 | Lair:6   | DEFE: но ни разу не смог сделать так что бы он зеркал союхников
 22521 | Lair:6   | ololoev: его как-то поломали вроде, и потом так и не починили
 22549 | Lair:6   | DEFE: ну он сам по себе крутой, конечно
 22549 | Lair:6   | DEFE: и без зерка
 22549 | Lair:6   | DEFE: но все же
 22552 | Lair:6   | Gained Thorok as an ally
 22571 | Lair:6   | ololoev: ну посмотрим
 22610 | Lair:6   | DEFE: int +4
 22618 | Lair:6   | DEFE: МОЯ УМНЫЙ
 22681 | Lair:6   | DEFE: опасно
 23264 | Lair:6   | Goblin1989: а че только с кнайтами ходишь?
 23280 | Lair:6   | ololoev: качаю потихоньку
 23286 | Lair:6   | ololoev: надо бы их уже сбагрить
 23307 | Lair:6   | Reached skill level 5 in Dodging
 23307 | Lair:6   | Reached XP level 14. HP: 118/125 MP: 22/22
 23308 | Lair:6   | DEFE: зеркается!
 23308 | Lair:6   | ololoev: ололололО!
 23308 | Lair:6   | ololoev: !!!!
 23308 | Lair:6   | ololoev: НОЙС!!!!!!!
 23308 | Lair:6   | Goblin1989: ага
 23308 | Lair:6   | ololoev: это офигенно!
 23308 | Lair:6   | Goblin1989: только он под зерком слушать тебя не будет
 23308 | Lair:6   | Goblin1989: и его убьют
 23308 | Lair:6   | Goblin1989: и будет печалька
 23308 | Lair:6   | DEFE: для монстров зерк это хаст+двойной урон же?
 23308 | Lair:6   | Goblin1989: прикажи ему что-нибудь
 23308 | Lair:6   | Goblin1989: попробуй
 23308 | Lair:6   | ololoev: вроде да
 23325 | Lair:6   | DEFE: как долго
 23325 | Lair:6   | DEFE: длится
 23325 | Lair:6   | DEFE: оче круто
 23325 | Lair:6   | ololoev: да, под зерком он не слушается
 23325 | Lair:6   | DEFE: нужно срочно писать разрабам
 23325 | Lair:6   | ololoev: а у монстров не стакаются ходы без атаки
 23341 | Lair:6   | DEFE: что бе флавор убрали
 23429 | Lair:6   | DEFE: интересно какой шанс
 23429 | Lair:6   | DEFE: для мностра на зерк
 23429 | Lair:6   | ololoev: на самом деле если убьют - пофиг, выдам рапиру другому орку
 23429 | Lair:6   | ololoev: жаль что всего-лишь рапира
 23429 | Lair:6   | ololoev: *всего лишь
 23520 | Lair:6   | DEFE: там у него 0.3 атаки
 23531 | Lair:6   | DEFE: с его HD
 23533 | Lair:5   | DEFE: будет выдвать норм
 23533 | Lair:5   | ololoev: но бьет часто, да
 23533 | Lair:5   | ololoev: плюс если ачнется до варлорда то там +32 база
 23533 | Lair:5   | DEFE: там же от HD зависит урон
 23533 | Lair:5   | ololoev: с рФ на рапире должен оофов будет валить
 23533 | Lair:5   | DEFE: +32?
 23533 | Lair:5   | ololoev: вроде базовый дамаг + дамаг от пушки, не?
 23533 | Lair:5   | ololoev: у найта база 25, у варлорда - 32
 23533 | Lair:5   | ololoev: надо в сорцы лезть, а влом
 23602 | Lair:6   | DEFE: (32+7)x2
 23602 | Lair:6   | DEFE: со скоростью 0.3
 23602 | Lair:6   | ololoev: такс такс такс
 23602 | Lair:6   | ololoev: что тут
 23602 | Lair:6   | ololoev: беога поломали
 23602 | Lair:6   | DEFE: lol
 23602 | Lair:6   | DEFE: НАКАНЕЦ-ТО
 23861 | Lair:6   | DEFE: а куда варлорды
 23863 | Lair:6   | DEFE: ушли?
 23863 | Lair:6   | ololoev: я их наверху оставил
 23863 | Lair:6   | ololoev: от найта до варлорда в леире сложно докачать
 23863 | Lair:6   | ololoev: поначалу выгоднее наделать кучу найтов и хай пристов
 23863 | Lair:6   | ololoev: а потом уже с ними набигать и качать варлордов потихоньку
 23888 | Lair:6   | DEFE: хз
 23897 | Lair:6   | DEFE: я всегда считал, что ХО достаточно силен
 23904 | Lair:6   | DEFE: что бы табать что с беогом
 23907 | Lair:6   | DEFE: что без беога
 23914 | Lair:6   | ololoev: тут не в силе дело
 23914 | Lair:6   | ololoev: тут прикольно
 23914 | Lair:6   | ololoev: собираешь орков там, качаешь их
 23914 | Lair:6   | DEFE: типа покемоны
 23914 | Lair:6   | ololoev: да
 23914 | Lair:6   | DEFE: только возможностей мало
 23914 | Lair:6   | DEFE: всего одну вещь
 23914 | Lair:6   | ololoev: в итоге все в панах сливаются и ты табаешь церебова в гордом одиночестве
 23928 | Lair:6   | DEFE: я бы их приодел
 23937 | Lair:6   | DEFE: ГДА+Экзек+бижа
 23938 | Lair:6   | DEFE: было бы круто
 23938 | Lair:6   | DEFE: а так не интересно
 23938 | Lair:6   | ololoev: не ну там шапки перчатки тоже можно по идее
 23944 | Lair:6   | DEFE: нельзя же
 23948 | Lair:6   | DEFE: одна шмотка на одного орка
 23949 | Lair:6   | ololoev: это если бы можно было много
 23949 | Lair:6   | ololoev: одеть в полный комплект
 23949 | Lair:6   | ololoev: так, где там посан с рФ?
 23949 | Lair:6   | ololoev: пусть идет дракона валить
 23974 | Lair:6   | DEFE: а кто майт кидает
 23976 | Lair:6   | DEFE: или поменяли
 23976 | Lair:6   | ololoev: найты
 24127 | Lair:6   | DEFE: раньше же на найтов только вардлорд мог кинуть
 24493 | D:12     | Reached skill level 17 in Axes
 24522 | D:11     | DEFE: Року реально за фолловить?
 24522 | D:11     | ololoev: да, но там либо прокнуло, либо нет
 24889 | D:12     | Got a twitching glass ring
 24891 | D:12     | Identified the ring of Heuwk {rF+ Str+2 Dex+3 Stlth+} (You found it on level 12 of the Dungeon)
 25206 | D:12     | Gained Wulfoc as an ally
 25609 | D:13     | Found a blossoming altar of Fedhas.
 25861 | D:13     | ololoev: хорошие орки, в плейтах
 26117 | D:13     | Found a gate to the Vaults.
 26124 | D:13     | Gained Okrist as an ally
 26415 | D:13     | Noticed Josephine
 26421 | D:13     | Killed Josephine
 26606 | D:13     | ololoev: о, додик без армора умер
 26606 | D:13     | ololoev: нинужен
 27351 | D:14     | Noticed Snorg
 27361 | D:14     | Killed Snorg
 27459 | D:14     | Found a shadowy altar of Dithmenos.
 27818 | D:15     | Entered Level 15 of the Dungeon
 27880 | D:15     | Found a staircase to the Depths.
 27881 | D:15     | Noticed a fire giant
 27892 | D:15     | Killed a fire giant
 27981 | D:15     | Reached skill level 18 in Axes
 28360 | D:15     | Reached XP level 15. HP: 120/134 MP: 24/24
 28492 | D:15     | Gained mutation: Your magical capacity is low. (-10% MP) [mutagenic meat]
 28495 | D:15     | Gained mutation: You are clumsy. (Dex -2) [mutagenic meat]
 28498 | D:15     | Gained mutation: You evolve. [mutagenic meat]
 28510 | D:15     | Gained mutation: You are surrounded by a mild repulsion field. (EV +2) [mutagenic meat]
 28513 | D:15     | Gained mutation: Your magical capacity is very low. (-20% MP) [mutagenic meat]
 29008 | Orc:1    | Entered Level 1 of the Orcish Mines
 29053 | Orc:2    | Entered Level 2 of the Orcish Mines
 29128 | Orc:2    | Gained Okrist as an ally
 29164 | Orc:2    | Found Meiheh Vahez's Jewellery Shoppe.
 29211 | Orc:2    | Found Yrrilar's Antique Armour Shop.
 29211 | Orc:2    | Found Nemowafe's Distillery.
 29215 | Orc:2    | Found Iceshoyseez's Food Shoppe.
 29218 | Orc:2    | Found Omelar's Magic Scroll Boutique.
 29420 | Orc:2    | Bought a potion of ambrosia for 88 gold pieces
 29420 | Orc:2    | Bought 2 potions of invisibility for 176 gold pieces
 29420 | Orc:2    | Bought a potion of haste for 110 gold pieces
 29420 | Orc:2    | Bought a potion of heal wounds for 55 gold pieces
 29423 | Orc:2    | Bought a scroll of acquirement for 780 gold pieces
 29423 | Orc:2    | Bought a scroll of silence for 112 gold pieces
 29423 | Orc:2    | Bought a scroll of identify for 30 gold pieces
 29423 | Orc:2    | Bought a scroll of fog for 30 gold pieces
 29423 | Orc:2    | Bought a scroll of identify for 30 gold pieces
 29423 | Orc:2    | Bought a scroll of magic mapping for 52 gold pieces
 29423 | Orc:2    | Bought a scroll of enchant weapon for 112 gold pieces
 29682 | Orc:2    | Found a staircase to the Elven Halls.
 29723 | Orc:2    | Found a roughly hewn altar of Beogh.
 30504 | D:11     | ololoev: В А М П И Р И К
 30504 | D:11     | ololoev: А
 30504 | D:11     | ololoev: М
 30504 | D:11     | ololoev: П
 30504 | D:11     | ololoev: И
 30504 | D:11     | ololoev: Р
 30504 | D:11     | ololoev: И
 30504 | D:11     | ololoev: К
 30557 | Orc:2    | Bought a shiny scale mail for 84 gold pieces
 30849 | Spider:1 | Entered Level 1 of the Spider Nest
 30868 | Spider:1 | Noticed a ghost moth
 30873 | Spider:1 | Killed a ghost moth
 30880 | Spider:1 | Gained mutation: Scrolls take you a little longer to read. [mutagenic meat]
 30883 | Spider:1 | Gained mutation: Your spells are a little easier to cast, but a little less powerful. [mutagenic meat]
 30886 | Spider:1 | Lost mutation: Your magical capacity is very low. (-20% MP) [mutagenic meat]
 30886 | Spider:1 | Lost mutation: You are surrounded by a mild repulsion field. (EV +2) [potion of cure mutation]
 30886 | Spider:1 | Lost mutation: Scrolls take you a little longer to read. [potion of cure mutation]
 30886 | Spider:1 | Lost mutation: Your magical capacity is low. (-10% MP) [potion of cure mutation]
 30886 | Spider:1 | Lost mutation: Your spells are a little easier to cast, but a little less powerful. [potion of cure mutation]
 30893 | Spider:1 | Lost mutation: You evolve. [mutagenic meat]
 31842 | Spider:1 | Noticed an emperor scorpion
 31858 | Spider:1 | Killed an emperor scorpion
 32297 | Spider:1 | Noticed an emperor scorpion
 32308 | Spider:1 | Killed an emperor scorpion
 32308 | Spider:1 | Reached skill level 19 in Axes
 32486 | Spider:2 | Noticed Asterion
 32494 | Spider:2 | Killed Asterion
 33078 | Spider:2 | Killed a ghost moth
 33358 | Spider:3 | Noticed an emperor scorpion
 33372 | Spider:3 | Killed an emperor scorpion
 33372 | Spider:3 | Reached XP level 16. HP: 108/144 MP: 26/26
 33900 | Spider:3 | Noticed Aizul
 33908 | Spider:3 | Killed Aizul
 34140 | Spider:3 | Gained Dorog as an ally
 35308 | Spider:4 | Entered Level 4 of the Spider Nest
 35403 | Spider:4 | Reached skill level 20 in Axes
 35685 | Spider:4 | Your ally Dorog died
 36192 | Spider:4 | Got a translucent ring mail
 36204 | Spider:4 | Identified the +1 ring mail "Lyabaa" {-Cast rC+ rN+} (You found it on level 4 of the Spider Nest)
 37008 | Spider:4 | Your ally Thorok died
 37010 | Spider:4 | Your ally Bogbrand died
 37032 | Spider:4 | Your ally Okrist died
 37038 | Spider:4 | Your ally Bogric died
 37091 | Spider:4 | Got a gossamer rune of Zot
 37496 | Vaults:1 | Entered Level 1 of the Vaults
 37547 | Vaults:1 | Gained mutation: Your spells are a little easier to cast, but a little less powerful. [mutagenic meat]
 37550 | Vaults:1 | Gained mutation: You occasionally shout uncontrollably at your foes. [mutagenic meat]
 37553 | Vaults:1 | Gained mutation: You possess an exceptional clarity of mind. [mutagenic meat]
 37556 | Vaults:1 | Gained mutation: Your magical capacity is low. (-10% MP) [mutagenic meat]
 37565 | Vaults:1 | Gained mutation: Armour fits poorly on your strangely shaped body. [mutagenic meat]
 37568 | Vaults:1 | Gained mutation: You have large cloven feet. [mutagenic meat]
 37571 | Vaults:1 | Gained mutation: Your spells are easier to cast, but less powerful. [mutagenic meat]
 37580 | Vaults:1 | Lost mutation: You possess an exceptional clarity of mind. [mutagenic meat]
 37583 | Vaults:1 | Gained mutation: You are very clumsy. (Dex -4) [mutagenic meat]
 37586 | Vaults:1 | Gained mutation: You have hoof-like feet. [mutagenic meat]
 37590 | Vaults:1 | Lost mutation: You occasionally shout uncontrollably at your foes. [potion of cure mutation]
 37590 | Vaults:1 | Lost mutation: Armour fits poorly on your strangely shaped body. [potion of cure mutation]
 37590 | Vaults:1 | Lost mutation: You have hoof-like feet. [potion of cure mutation]
 37590 | Vaults:1 | Lost mutation: You have large cloven feet. [potion of cure mutation]
 37590 | Vaults:1 | Lost mutation: You are very clumsy. (Dex -4) [potion of cure mutation]
 37591 | Vaults:1 | Lost mutation: You are clumsy. (Dex -2) [potion of cure mutation]
 37591 | Vaults:1 | Lost mutation: Your magical capacity is low. (-10% MP) [potion of cure mutation]
 37591 | Vaults:1 | Lost mutation: Your spells are easier to cast, but less powerful. [potion of cure mutation]
 37591 | Vaults:1 | Lost mutation: Your spells are a little easier to cast, but a little less powerful. [potion of cure mutation]
 37592 | Vaults:1 | Gained mutation: Your muscles are strong. (Str +2) [potion of beneficial mutation]
 37735 | Vaults:1 | Reached skill level 15 in Invocations
 37820 | Vaults:1 | Reached XP level 17. HP: 145/154 MP: 28/28
 37890 | Vaults:1 | Noticed Nikola
 37901 | Vaults:1 | Killed Nikola
 38201 | Vaults:1 | Gained Okrist as an ally
 38242 | Vaults:1 | Reached skill level 21 in Axes
 38498 | Vaults:1 | Found Lagoerphutho's Book Shop.
 38592 | Vaults:1 | Gained Boderik as an ally
 39065 | Vaults:1 | Reached skill level 15 in Fighting
 39551 | Vaults:2 | Gained Orik as an ally
 39555 | Vaults:2 | Gained Bogwald as an ally
 39695 | Vaults:2 | Your ally Boderik died
 39703 | Vaults:2 | Your ally Orik died
 39954 | Vaults:2 | Found a staircase to the Crypt.
 40692 | Vaults:2 | Gained Alork as an ally
 40803 | Vaults:2 | Reached XP level 18. HP: 163/163 MP: 29/29
 41052 | Vaults:2 | Reached skill level 22 in Axes
 41462 | Vaults:3 | Found Viomaev's Antique Armour Shop.
 41467 | Vaults:3 | Bought a polished plate armour for 728 gold pieces
 41477 | Vaults:3 | Identified the cursed +0 plate armour of Sefem {+Blink rCorr} (You bought it in a shop on level 3 of the Vaults)
 41489 | Vaults:3 | Bought a jewelled cloak for 247 gold pieces
 41489 | Vaults:3 | Identified the +1 cloak "Xoguixeh" {rN++ Int+3 Slay+3} (You bought it in a shop on level 3 of the Vaults)
 41501 | Vaults:3 | Bought a shimmering scale mail for 234 gold pieces
 41502 | Vaults:3 | Identified the +1 scale mail of Geyhis {rF+ rC+} (You bought it in a shop on level 3 of the Vaults)
 41706 | Vaults:3 | Got a pair of warped gloves
 41707 | Vaults:3 | Identified the cursed +0 pair of gloves "Yraocikei" {-Tele rPois rN+++ Stlth+} (You found it on level 3 of the Vaults)
 41974 | Vaults:3 | Reached skill level 10 in Dodging
 41981 | Vaults:3 | Reached skill level 15 in Armour
 41983 | Vaults:3 | Your ally Bolgrim died
 42148 | Vaults:3 | Your ally Alork died
 42494 | Vaults:3 | DEFE: НИНУЖЕН
 42496 | Vaults:3 | DEFE: И
 42500 | Vaults:3 | DEFE: Н
 42500 | Vaults:3 | DEFE: У
 42500 | Vaults:3 | DEFE: Ж
 42504 | Vaults:3 | DEFE: Е
 42504 | Vaults:3 | DEFE: Н
 42645 | Vaults:3 | DEFE: но экзек все равно круто
 42748 | Vaults:3 | Noticed tsouns's ghost (adept KoMo)
 42751 | Vaults:3 | DEFE: я бы собирал все бранд випоны в черный мешок
 42753 | Vaults:3 | DEFE: и потом бы роллил хаос
 42789 | Vaults:3 | Killed tsouns's ghost
 43292 | Vaults:4 | Reached skill level 23 in Axes
 43609 | Vaults:4 | Reached XP level 19. HP: 152/173 MP: 30/30
 43690 | Vaults:4 | Noticed a tentacled monstrosity
 43699 | Vaults:4 | Killed a tentacled monstrosity
 44205 | Vaults:4 | Found Zeha Coy's Distillery.
 44234 | Vaults:4 | Bought a potion of resistance for 140 gold pieces
 44234 | Vaults:4 | Bought a potion of heal wounds for 70 gold pieces
 45074 | Shoals:1 | Entered Level 1 of the Shoals
 45234 | Shoals:1 | Noticed Kirke
 45245 | Shoals:1 | Killed Kirke
 45552 | Shoals:1 | Noticed Roxanne
 45570 | Shoals:1 | Killed Roxanne
 45968 | Orc:2    | Bought the amulet of Yniakat {Dismiss MR+ SInv} for 702 gold pieces
 47741 | Shoals:3 | Noticed Polyphemus
 47757 | Shoals:3 | Your ally Bogwald died
 47771 | Shoals:3 | Reached skill level 24 in Axes
 47778 | Shoals:3 | Killed Polyphemus
 48253 | Shoals:4 | Entered Level 4 of the Shoals
 48279 | Shoals:4 | Found Ycol's Weapon Shop.
 48393 | Shoals:4 | Gained Beowulf as an ally
 48438 | Shoals:4 | ololoev: Beowulf, lol
 48519 | Shoals:4 | Your ally Beowulf died
 48536 | Shoals:4 | Reached XP level 20. HP: 181/184 MP: 31/31
 48557 | Shoals:4 | Got a barnacled rune of Zot
 48625 | Shoals:4 | Noticed Ilsuiw
 48671 | Shoals:4 | Killed Ilsuiw
 49113 | Shoals:4 | Got a bloodstained helmet
 49114 | Shoals:4 | Identified the cursed -6 helmet "Kudwotol" {Dex+4} (You found it on level 4 of the Shoals)
 49348 | Shoals:4 | Gained Marbaugh as an ally
 49348 | Shoals:4 | Gained Norbak as an ally
 49742 | Elf:1    | Entered Level 1 of the Elven Halls
 50156 | Elf:1    | Noticed Louise
 50161 | Elf:1    | Noticed a Tzitzimitl
 50169 | Elf:1    | Killed Louise
 50437 | Elf:1    | Identified the Tome of the Escort
 50492 | Elf:1    | Found Arui's Distillery.
 50504 | Elf:1    | Found Jiplarcha's Assorted Antiques.
 50514 | Elf:1    | Gained Boghold as an ally
 50519 | Elf:1    | Noticed Donald
 50529 | Elf:1    | Your ally Marbaugh died
 50532 | Elf:1    | Gained Worak as an ally
 50535 | Elf:1    | Your ally Boghold died
 50537 | Elf:1    | Killed Donald
 50766 | Elf:1    | Reached skill level 25 in Axes
 51093 | Elf:2    | Found a runed gate.
 51093 | Elf:2    | Found a runed gate.
 51093 | Elf:2    | Found a runed gate.
 52524 | Elf:3    | Entered Level 3 of the Elven Halls
 52570 | Elf:3    | DEFE: а как же иммо?
 52571 | Elf:3    | ololoev: с орами не оче
 52571 | Elf:3    | DEFE: подорвать братишек
 52571 | Elf:3    | ololoev: я в прошлый раз так доигрался
 52571 | Elf:3    | ololoev: беог отряд выслал
 52577 | Elf:3    | DEFE: легионеры игила
 52619 | Elf:3    | DEFE: а беог обижается
 52645 | Elf:3    | DEFE: рН завезли?
 52649 | Elf:3    | Reached XP level 21. HP: 172/194 MP: 32/32
 52649 | Elf:3    | ololoev: немного
 52650 | Elf:3    | ololoev: 2 пипирки
 52650 | Elf:3    | DEFE: норм
 52651 | Elf:3    | DEFE: рП нет
 52653 | Elf:3    | DEFE: паррой долбанут
 52653 | Elf:3    | ololoev: под свап
 52653 | Elf:3    | DEFE: без щита-то
 52665 | Elf:3    | Found Ahogomypn's Magic Scroll Boutique.
 52677 | Elf:3    | Gained Spirok as an ally
 52679 | Elf:3    | ololoev: посмотрим как он себя покажет
 52682 | Elf:3    | DEFE: лол
 52685 | Elf:3    | Bought a scroll of blinking for 105 gold pieces
 52962 | Elf:3    | DEFE: ща сорцерер придет с кольцос рФ+++, рЦ+++, стр+10
 52965 | Elf:3    | DEFE: и отправится в абисс
 53161 | Elf:3    | DEFE: выпей
 53161 | Elf:3    | DEFE: аги майт
 53161 | Elf:3    | DEFE: и все такое
 53161 | Elf:3    | ololoev: зря иммо не взял
 53169 | Elf:3    | DEFE: хил
 53169 | Elf:3    | DEFE: и таб
 53177 | Elf:3    | DEFE: мастер арчер
 53177 | Elf:3    | DEFE: очень злобно бьет
 53178 | Elf:3    | Your ally Spirok died
 53187 | Elf:3    | DEFE: они у меня цель номер один
 53235 | Elf:3    | Your ally Norbak died
 53240 | Elf:3    | Your ally Okrist died
 53240 | Elf:3    | Your ally Okrist died
 53248 | Elf:3    | Your ally Wulfoc died
 53267 | Elf:3    | Your ally Bolgrim died
 53283 | Elf:3    | Reached skill level 26 in Axes
 53603 | Elf:3    | Got a twitching turquoise ring
 53627 | Elf:3    | DEFE: НИНУЖНО
 53844 | Elf:3    | Got a warped ruby amulet
 53849 | Elf:3    | Identified the amulet "Teujoung" {+Rage rC+} (You took it off a deep elf demonologist on level 3 of the Elven Halls)
 53855 | Elf:3    | Identified the ring "Xydor" {MR+ Str+4 Dex-2 Slay+5} (You took it off a deep elf blademaster on level 3 of the Elven Halls)
 53892 | Elf:3    | DEFE: а че ты тратишь
 53892 | Elf:3    | DEFE: желе
 53896 | Elf:3    | Learned a level 3 spell: Regeneration
 53899 | Elf:3    | Learned a level 2 spell: Song of Slaying
 53899 | Elf:3    | ololoev: нинужно
 53928 | Elf:3    | DEFE: оно же самое крутое из еды
 53932 | Elf:3    | DEFE: за 3 аута
 53939 | Elf:3    | ololoev: лол, когда у тебя были проблемы с едой?
 53941 | Elf:3    | Identified Sif Muna's Incunabulum of Talismans and Conjuration
 53947 | Elf:3    | Identified the Grimoire of Boosting Envenoming
 53960 | Elf:3    | Got a dazzling ring mail
 53971 | Elf:3    | Identified the cursed +1 ring mail of Incorporation {rC++} (You found it on level 3 of the Elven Halls)
 53986 | Elf:3    | DEFE: Никогда, лол
 53988 | Elf:3    | DEFE: разве что за спригганов кастеров
 53988 | Elf:3    | DEFE: бывают проблемы
 54412 | D:8      | DEFE: депсы?
 54446 | D:7      | ololoev: беох надоел
 54446 | D:7      | ololoev: нинужен
 54492 | D:6      | DEFE: something smite you!
 54522 | Temple   | Entered the Ecumenical Temple
 54583 | Temple   | DEFE: тсо
 54583 | Temple   | DEFE: кока
 54583 | Temple   | DEFE: хлеб
 54583 | Temple   | ololoev: с тсо экстендед нужно будет делать
 54583 | Temple   | ololoev: возьму хлебца
 54583 | Temple   | DEFE: всегда нужно
 54583 | Temple   | ololoev: давно с ним не ходил
 54589 | Temple   | Fell from the grace of Beogh
 54589 | Temple   | Became a worshipper of Makhleb the Destroyer
 54590 | Temple   | DEFE: мне хлеб не нравится
 54590 | Temple   | DEFE: из-за того что более чкучная версия
 54590 | Temple   | DEFE: тсо
 54795 | D:11     | DEFE: так-то он крутой, конечно
 54891 | D:15     | ololoev: ща надо пару пипок набить в депсах
 54891 | D:15     | ololoev: и идти в в5
 54898 | Depths:1 | Entered Level 1 of the Depths
 54943 | Depths:1 | DEFE: 26-16
 54943 | Depths:1 | DEFE: слабовато
 54944 | Depths:1 | DEFE: для таббинга
 54944 | Depths:1 | ololoev: так
 54944 | Depths:1 | ololoev: не понял
 54944 | Depths:1 | ololoev: где кольцо?
 55207 | Elf:1    | Reached skill level 1 in Charms
 55555 | Depths:1 | DEFE: у тебя рЦ нет что ли?
 55555 | Depths:1 | ololoev: нет
 55555 | Depths:1 | DEFE: ну хана тебе
 55555 | Depths:1 | ololoev: можно снять MR по идее и одеть рС
 55555 | Depths:1 | ololoev: ну или снять релек, одеть MR, снять MR с другого места и одеть рС
 55555 | Depths:1 | DEFE: не MR наверное важнее
 55555 | Depths:1 | DEFE: все же
 55649 | Depths:1 | Reached skill level 1 in Necromancy
 55671 | Depths:1 | DEFE: паралич это точно смерть в депсах
 55697 | Depths:1 | Found a one-way gate leading to the halls of Pandemonium.
 55702 | Depths:1 | Reached * piety under Makhleb
 55707 | Depths:1 | Found Heuxeh's Changing Room.
 55717 | Depths:1 | Bought a potion of beneficial mutation for 420 gold pieces
 55717 | Depths:1 | DEFE: лол
 55717 | Depths:1 | ololoev: лол магаз с чанками
 55717 | Depths:1 | ololoev: круто
 55717 | Depths:1 | DEFE: давай мутировать
 55717 | Depths:1 | DEFE: по полной
 55717 | Depths:1 | Gained mutation: You have a beak for a mouth. [potion of beneficial mutation]
 55718 | Depths:1 | Bought 4 mutagenic chunks of flesh for 4 gold pieces
 55718 | Depths:1 | Bought 4 mutagenic chunks of flesh for 4 gold pieces
 55721 | Depths:1 | Gained mutation: You are dopey. (Int -2) [mutagenic meat]
 55736 | Depths:1 | Gained mutation: You can translocate small distances at will. [mutagenic meat]
 55739 | Depths:1 | Lost mutation: Your muscles are strong. (Str +2) [mutagenic meat]
 55742 | Depths:1 | Gained mutation: Your natural rate of healing is unusually fast. [mutagenic meat]
 55742 | Depths:1 | ololoev: такс
 55742 | Depths:1 | DEFE: блинк и реген
 55742 | Depths:1 | ololoev: я потерял шлем
 55742 | Depths:1 | ololoev: получил блин и реген
 55742 | Depths:1 | Bought a potion of mutation for 30 gold pieces
 55742 | Depths:1 | Lost mutation: You are dopey. (Int -2) [potion of mutation]
 55742 | Depths:1 | Gained mutation: You are dopey. (Int -2) [potion of mutation]
 55743 | Depths:1 | ololoev: лол
 55743 | Depths:1 | ololoev: ничего не поменялось
 55743 | Depths:1 | DEFE: ьуратино тоже возьми
 55771 | Depths:1 | Gained mutation: Potions and wands are less effective at restoring your health. [mutagenic meat]
 55780 | Depths:1 | Lost mutation: Potions and wands are less effective at restoring your health. [mutagenic meat]
 55783 | Depths:1 | Gained mutation: You have supernaturally acute eyesight. (SInv) [mutagenic meat]
 55786 | Depths:1 | Gained mutation: You expend magic power (3 MP) to strengthen your wands. [mutagenic meat]
 55786 | Depths:1 | Lost mutation: You have supernaturally acute eyesight. (SInv) [potion of cure mutation]
 55786 | Depths:1 | Lost mutation: You are dopey. (Int -2) [potion of cure mutation]
 55786 | Depths:1 | Lost mutation: Your natural rate of healing is unusually fast. [potion of cure mutation]
 55787 | Depths:1 | Lost mutation: You can translocate small distances at will. [potion of cure mutation]
 55787 | Depths:1 | Lost mutation: You expend magic power (3 MP) to strengthen your wands. [potion of cure mutation]
 55787 | Depths:1 | Lost mutation: You have a beak for a mouth. [potion of cure mutation]
 55793 | Depths:1 | ololoev: говно короче
 55806 | Depths:1 | DEFE: ага
 55806 | Depths:1 | ololoev: буратино зачем?
 55812 | Depths:1 | DEFE: ну там реген был
 55857 | Depths:1 | DEFE: в общем-то из нормальных
 55857 | Depths:1 | DEFE: буратино всегда в тему
 55857 | Depths:1 | ololoev: ага, и 2 ЕВ тоже в тему
 55857 | Depths:1 | ololoev: бейте кому надо
 55857 | Depths:1 | DEFE: нинужно
 56101 | Depths:1 | DEFE: а ты без щита же
 56101 | Depths:1 | DEFE: да без щита тупо
 56184 | Depths:1 | ololoev: нет, тупо это ДД дживы
 56203 | Depths:1 | Reached ** piety under Makhleb
 56363 | Depths:1 | DEFE: а чем тебе дд дживы плох?
 56372 | Depths:1 | DEFE: ДД в принципе крут
 56440 | Depths:1 | Reached XP level 22. HP: 204/204 MP: 33/33
 56497 | Depths:1 | DEFE: без вампирика тяжко будет конечно
 56505 | Depths:1 | DEFE: но вообще там довольно много зарядов у палки
 56562 | Depths:1 | Found a gateway to Hell.
 56842 | Depths:2 | Reached *** piety under Makhleb
 56900 | Depths:2 | DEFE: сильвер
 56908 | Depths:2 | DEFE: джавелины
 56908 | Depths:2 | DEFE: разбрасывает
 56930 | Depths:2 | DEFE: там типа +5% урона за куждую мутацию
 56951 | Depths:2 | Found a one-way gate to the infinite horrors of the Abyss.
 57001 | Depths:2 | DEFE: я щитаю нинужно спеллы
 57006 | Depths:2 | Noticed WhatIsLove's ghost (adept FeEn)
 57016 | Depths:2 | DEFE: если в экстенд не пойдешь
 57034 | Depths:2 | ololoev: так тут учить то немного
 57034 | Depths:2 | ololoev: вон уже егн робит
 57034 | Depths:2 | Killed WhatIsLove's ghost
 57035 | Depths:2 | DEFE: так тебе гда светит
 57103 | Depths:2 | DEFE: какой там повер?
 57119 | Depths:2 | Reached **** piety under Makhleb
 57120 | Depths:2 | ololoev: 3
 57209 | Depths:2 | DEFE: ну может зоту и будет 5-6
 57411 | Depths:2 | Reached skill level 5 in Necromancy
 57459 | Depths:2 | Got a pitted scythe
 57460 | Depths:2 | Identified the cursed +1 scythe "Vaceupov" {freeze, *Noise SInv Stlth+} (You found it on level 2 of the Depths)
 57470 | Depths:2 | DEFE: акварикм
 57473 | Depths:2 | DEFE: армор
 57473 | Depths:2 | DEFE: надо было
 57473 | Depths:2 | ololoev: черт
 57473 | Depths:2 | ololoev: я хотел хасту заакварить
 57476 | Depths:2 | DEFE: ну ладно
 57586 | Depths:2 | DEFE: бывает
 57625 | Depths:2 | DEFE: так-то я уже давно привык что аквар говно дает
 57625 | Depths:2 | DEFE: примерно в половине случаев
 57625 | Depths:2 | DEFE: и еще в четверти случаев полуюзабельное говно
 57625 | Depths:2 | ololoev: я тоже, но в целом с армором норм сейчас, можно на ванду понадеяться
 57819 | Depths:3 | Reached skill level 5 in Charms
 57829 | Depths:3 | Reached ***** piety under Makhleb
 57847 | Depths:3 | DEFE: ну там типа кепки плащи, перчи, боты рандартные падают часто
 57896 | Depths:2 | DEFE: симулякры
 57922 | Depths:2 | DEFE: это не шутка
 57922 | Depths:2 | DEFE: без рЦ
 58166 | Depths:3 | Identified the Volume of the Whale
 58291 | Depths:3 | Found a gateway to a ziggurat.
 58334 | Depths:3 | DEFE: можно зиговать
 58341 | Depths:3 | DEFE: уровней 8
 58341 | Depths:3 | ololoev: надо перчи войны
 58341 | Depths:3 | ololoev: и идти зиговать
 58341 | Depths:3 | DEFE: так где ты их достанешь
 58341 | Depths:3 | ololoev: под песней будет +19 слеинга
 58341 | Depths:3 | ololoev: хз
 58408 | Depths:3 | DEFE: без резистов все равно не позигуешь
 58417 | Depths:3 | DEFE: нормально
 58424 | Depths:3 | Found a portal to a secret trove of treasure.
 58605 | Depths:3 | Found Era Zotimo's Food Boutique.
 59034 | Depths:3 | Reached XP level 23. HP: 213/213 MP: 34/34
 59762 | Elf:2    | DEFE: не завезли свитков?
 59791 | Elf:1    | ololoev: нехило смайтнул
 59791 | Elf:1    | ololoev: 2 всего
 60182 | Depths:4 | Reached skill level 5 in Spellcasting
 60634 | Depths:4 | DEFE: тут лута нет
 60749 | Depths:5 | Entered Level 5 of the Depths
 60817 | Depths:5 | Reached ****** piety under Makhleb
 60841 | Depths:5 | Found Quokogie's Food Emporium.
 60844 | Depths:5 | DEFE: лол
 60858 | Depths:5 | DEFE: могли и убить
 60865 | Depths:5 | ololoev: Beogh smites you!
 60865 | Depths:5 | ololoev: он жестко смайтит
 60865 | Depths:5 | ololoev: я боюсь что там на 27м за смайты
 61017 | Depths:5 | DEFE: там не 7-17 что ли?
 61037 | Depths:5 | ololoev: ну меня в эльфах ан ровном месте на 70 примерно смайтнул
 61037 | Depths:5 | ololoev: 140 с фигом стало хп
 61037 | Depths:5 | ololoev: с полного
 61049 | Depths:5 | Found a gate to the Realm of Zot.
 61049 | Depths:5 | Noticed a golden dragon
 61049 | Depths:5 | Noticed a golden dragon
 61061 | Depths:5 | Killed a golden dragon
 61070 | Depths:5 | Killed a golden dragon
 61114 | Depths:5 | DEFE: рЭлек
 61114 | Depths:5 | DEFE: ткакрь бы
 61235 | Depths:5 | DEFE: а то там электроголемы
 61241 | Depths:5 | Gained mutation: You expend magic power (3 MP) to strengthen your wands. [mutagenic meat]
 61284 | Depths:5 | Gained mutation: Your spells are a little harder to cast, but a little more powerful. [mutagenic meat]
 61287 | Depths:5 | Gained mutation: Your system is resistant to poisons. (rPois) [mutagenic meat]
 61290 | Depths:5 | Gained mutation: You tend to lose your temper in combat. [mutagenic meat]
 61293 | Depths:5 | Gained mutation: Your muscles are strong. (Str +2) [mutagenic meat]
 61296 | Depths:5 | Gained mutation: Your mind is acute. (Int +2) [mutagenic meat]
 61303 | Depths:5 | Gained mutation: You possess an exceptional clarity of mind. [mutagenic meat]
 61306 | Depths:5 | Lost mutation: You tend to lose your temper in combat. [mutagenic meat]
 61312 | Depths:5 | Gained mutation: You evolve. [mutagenic meat]
 61315 | Depths:5 | ololoev: короче норм
 61315 | Depths:5 | ololoev: умный, сильный, незамутненный
 61315 | Depths:5 | DEFE: да ничего полезного
 61315 | Depths:5 | ololoev: павер!!!
 61350 | Depths:4 | DEFE: повер да
 61437 | Depths:5 | DEFE: иммо
 61444 | Depths:5 | DEFE: возьми
 61444 | Depths:5 | DEFE: все же
 61444 | Depths:5 | ololoev: лол кстати да
 61677 | Depths:3 | DEFE: походу без тровы
 62127 | Elf:3    | Bought a scroll of identify for 28 gold pieces
 62127 | Elf:3    | Bought a scroll of recharging for 133 gold pieces
 62127 | Elf:3    | Bought a scroll of immolation for 49 gold pieces
 62127 | Elf:3    | Bought a scroll of immolation for 49 gold pieces
 62127 | Elf:3    | Bought 3 scrolls of recharging for 399 gold pieces
 62593 | Lair:6   | ololoev: много иммо, хорошо
 62824 | D:13     | DEFE: а я люблю теле читать
 62928 | Vaults:2 | DEFE: или вобще по красной лестнице спускаться
 62935 | Vaults:2 | DEFE: в в5
 62935 | Vaults:2 | ololoev: красная это круто
 62935 | Vaults:2 | ololoev: но сейчас я тоже крут
 62935 | Vaults:2 | ololoev: ну относительно
 62935 | Vaults:2 | ololoev: надеюсь достаточно для тупого таба
 62935 | Vaults:2 | DEFE: тебя щас титан поянит с электродаконом
 63094 | Vaults:5 | Entered Level 5 of the Vaults
 63111 | Vaults:5 | Reached XP level 24. HP: 163/224 MP: 34/34
 63121 | Vaults:5 | ololoev: эх, хилка кончилась :(
 63141 | Vaults:5 | DEFE: иммо хилит
 63142 | Vaults:5 | DEFE: покру эливлион
 63142 | Vaults:5 | ololoev: хилка началась!
 63277 | Vaults:5 | DEFE: ТАБ СИЛА ЗАП МОГИЛА
 63304 | Vaults:5 | ololoev: эх
 63304 | Vaults:5 | ololoev: я забыл песню запнуть на себ
 63355 | Vaults:5 | DEFE: а у нее
 63356 | Vaults:5 | DEFE: как сверху есть
 63364 | Vaults:5 | DEFE: я тут пробовал ее недавно
 63364 | Vaults:5 | ololoev: +9
 63364 | Vaults:5 | DEFE: а
 63364 | Vaults:5 | ololoev: вроде
 63364 | Vaults:5 | DEFE: говно
 63364 | Vaults:5 | DEFE: я думал анлимит
 63364 | Vaults:5 | ololoev: ну там вяскими панлордами вроде выше можно поднять
 63364 | Vaults:5 | ololoev: но у меня выше 11 ен бывало
 63502 | Vaults:5 | DEFE: типа от хитдайся убитых зависит?
 63571 | Vaults:5 | Lost mutation: You expend magic power (3 MP) to strengthen your wands. [evolution]
 63571 | Vaults:5 | ololoev: вероятно да
 63592 | Vaults:5 | Got a silver rune of Zot
 63637 | Vaults:5 | Noticed an ancient lich
 63645 | Vaults:5 | Reached XP level 25. HP: 209/233 MP: 33/34
 63651 | Vaults:5 | Killed an ancient lich
 63659 | Vaults:5 | Reached skill level 10 in Necromancy
 63782 | Vaults:5 | Got a translucent bone ring
 63869 | Vaults:5 | Got a shimmering hat
 63870 | Vaults:5 | Identified the +0 hat "Ogeucok" {+Fly rC++ MR+ Stlth-} (You found it on level 5 of the Vaults)
 63871 | Vaults:5 | DEFE: вау
 63930 | Vaults:5 | Identified the Tome of Dislocated Combat Magic
 64532 | Vaults:5 | DEFE: одного
 64532 | Vaults:5 | DEFE: у тебя кольцо
 64532 | Vaults:5 | DEFE: не идентнутое
 64532 | Vaults:5 | DEFE: рандарт
 64595 | Vaults:5 | Got an ichor-stained plate armour
 64596 | Vaults:5 | Identified the ring "Enwuis" {*Contam rN+ MP+9 Dex+5} (You took it off a deep elf elementalist on level 5 of the Vaults)
 64598 | Vaults:5 | Identified the cursed +0 plate armour of the First Snow {rElec Regen+ rCorr} (You took it off a deep elf high priest on level 5 of the Vaults)
 64599 | Vaults:5 | DEFE: рФ полезнее от гда
 64599 | Vaults:5 | ololoev: резисты хитрые, но +0 и потеря рпойза не оче
 64599 | Vaults:5 | ololoev: ну и вторая пипка в рФ тоже неплохо
 64793 | Crypt:1  | Entered Level 1 of the Crypt
 64896 | Crypt:1  | DEFE: э
 64896 | Crypt:1  | DEFE: ты че
 64897 | Crypt:1  | DEFE: не трухрунщик
 64897 | Crypt:1  | DEFE: что ли
 64897 | Crypt:1  | ololoev: трехрунщик, почему же
 64897 | Crypt:1  | ololoev: просто всякое говно люблю почистить
 64897 | Crypt:1  | DEFE: так что ты тут делаешь?
 65550 | Crypt:2  | Reached skill level 15 in Dodging
 65813 | Crypt:2  | Reached skill level 10 in Charms
 66028 | Crypt:2  | Was forgiven by Beogh
 66293 | Crypt:3  | Entered Level 3 of the Crypt
 66492 | Crypt:3  | Noticed Margery
 66509 | Crypt:3  | Killed Margery
 66658 | Crypt:3  | Reached XP level 26. HP: 244/244 MP: 35/35
 66690 | Crypt:3  | Noticed an ancient lich
 67109 | Crypt:3  | Found a staircase to the Tomb.
 67201 | Crypt:3  | Killed an ancient lich
 67220 | Crypt:3  | Identified Xaypeip's Volume of Evil
 67232 | Crypt:3  | Learned a level 8 spell: Necromutation
 67772 | Depths:3 | You paid a toll of a +5 demon blade to enter a treasure trove
 67773 | Trove    | Entered a treasure trove
 67781 | Trove    | Got a jewelled cloak
 67782 | Trove    | Identified the +1 cloak of Midsummer {rCorr} (You found it in a treasure trove)
 67797 | Trove    | Got a dazzling hat
 67798 | Trove    | Identified the +1 hat of Starshine {+Fly Str+3 Slay+3} (You found it in a treasure trove)
 67811 | Trove    | ololoev: короче идите нафиг я король слеинга!
 67812 | Trove    | Got a pair of bloodstained boots
 67813 | Trove    | Identified the +0 pair of boots of Gafin {rCorr MP-9 Str+4 Slay+3} (You found it in a treasure trove)
 67829 | Trove    | Got a pair of faintly humming gloves
 67830 | Trove    | Identified the +1 pair of gloves of the Frog {+Inv rF- rN+ Str+2} (You found it in a treasure trove)
 67845 | Depths:3 | ololoev: 14 слеинга
 67845 | Depths:3 | ololoev: +9 с песни
 67845 | Depths:3 | ololoev: итого 23
 67845 | Depths:3 | ololoev: плюс топор +9
 67845 | Depths:3 | ololoev: итого 32
 67845 | Depths:3 | ololoev: нойс!
 67846 | Depths:3 | ololoev: я ща буду мегазиги делать
 67846 | Depths:3 | ololoev: слеингом
 67894 | Zig:1    | Entered Level 1 of a ziggurat
 67912 | Zig:2    | Entered Level 2 of a ziggurat
 67935 | Zig:3    | Entered Level 3 of a ziggurat
 67963 | Zig:4    | Entered Level 4 of a ziggurat
 67994 | Zig:5    | Entered Level 5 of a ziggurat
 68030 | Zig:5    | Identified Sif Muna's Guide on Captivating Calling
 68042 | Zig:5    | Identified The Second Course in Thaumaturgy
 68049 | Zig:6    | Entered Level 6 of a ziggurat
 68056 | Zig:6    | Noticed Reug Ril the pandemonium lord
 68066 | Zig:6    | Reached skill level 1 in Transmutations
 68066 | Zig:6    | Reached skill level 1 in Evocations
 68070 | Zig:6    | Killed Reug Ril the pandemonium lord
 68087 | Zig:7    | Entered Level 7 of a ziggurat
 68127 | Zig:8    | Entered Level 8 of a ziggurat
 68132 | Zig:8    | Noticed a juggernaut
 68144 | Zig:8    | Killed a juggernaut
 68189 | Zig:8    | Learned a level 6 spell: Haste
 68227 | Zig:9    | Entered Level 9 of a ziggurat
 68294 | Zig:9    | Reached XP level 27. HP: 254/254 MP: 27/36
 68298 | Zig:10   | Entered Level 10 of a ziggurat
 68309 | Zig:10   | Noticed Alliu the pandemonium lord
 68328 | Zig:10   | HP: 11/254 [Killer Klown (17)]
 68328 | Zig:10   | Slain by a Killer Klown

Dungeon Overview and Level Annotations

Branches:
Dungeon (15/15)            Temple (1/1) D:5            Lair (6/6) D:10
 Shoals (4/4) Lair:4       Spider (4/4) Lair:4        Slime (0/5) Lair:5
    Orc (2/2) D:11            Elf (3/3) Orc:2        Vaults (5/5) D:13
  Crypt (3/3) Vaults:2       Tomb (0/3) Crypt:3      Depths (5/5) D:15
    Zot (0/5) Depths:5

Altars:
Ashenzari
Cheibriados
Dithmenos
Elyvilon
Fedhas
Gozag
Hepliaklqana
Kikubaaqudgha
Makhleb
Nemelex Xobeh
Okawaru
Pakellas
Qazlal
Ru
Sif Muna
Trog
Uskayaw
Vehumet
Xom
Yredelemnul
Zin
The Shining One
Beogh
Jiyva

Shops:
D:10 *   Orc:2 =%![?   Elf:1 *!   Elf:3 ?   Shoals:4 (   Vaults:1 :
Vaults:3 [   Vaults:4 !   Depths:1 *   Depths:3 %   Depths:5 %

Portals:
Hell: Depths:1 Depths:2 Depths:3 Depths:4 Depths:5
Abyss: Depths:2 Depths:3 Depths:4
Pandemonium: Depths:1 Depths:3

Annotations:
Depths:4 exclusion: door


Message History

Alliu is lightly wounded.
You hit the Killer Klown.
You feel better.
You miss the Killer Klown.
The chaos spawn is no longer paralysed.
The Killer Klown pounds you. The Killer Klown freezes you! You resist.
Alliu barely misses you.
The Killer Klown pounds you but does no damage.
The torturous chaos champion closely misses you.
Unknown command.
You open Alliu like a pillowcase!!!
Alliu is moderately wounded.
You closely miss the Killer Klown. You slash the Killer Klown!
You feel better. The Killer Klown closely misses you. Alliu hits you!!
The Killer Klown pulls ten torches off its hat and starts juggling.
The Killer Klown trip-wires you. The Killer Klown shocks you!!
Unknown command.
Unknown command.
You completely miss Alliu.
Alliu is moderately wounded.
You completely miss the Killer Klown. You slice the Killer Klown!!
You feel better. The Killer Klown tickles you! The Killer Klown freezes you!!
You resist.
The amulet of Yniakat {Dismiss MR+ SInv} vibrates suddenly!
The Killer Klown disappears!
The Killer Klown reappears nearby!
Alliu hits you but does no damage.
The torturous chaos champion calls on the powers of chaos!
The chaos spawn blinks!
The Killer Klown suddenly seems more resistant.
The Killer Klown goes berserk!
The Killer Klown misses you.
Unknown command.
You carve Alliu like a ham!!!!
Alliu is heavily wounded.
You slice the Killer Klown!!
You feel better. Alliu closely misses you.
The torturous chaos champion hits you but does no damage.
A wolf spider comes into view.
Unknown command.
Unknown command.
You miss Alliu.
Alliu is heavily wounded.
You barely miss the Killer Klown. You miss the Killer Klown.
The Killer Klown eye-gouges you but does no damage.
Alliu hits you but does no damage. The Killer Klown barely misses you.
Unknown command.
Unknown command.
You slice the Killer Klown!!
You feel better.
The Killer Klown is severely wounded.
You miss Alliu. You slice the Killer Klown!!
The Killer Klown completely misses you. Alliu hits you!
You hear a shout!
The torturous chaos champion hits you but does no damage.
The wolf spider moves out of view.
The Killer Klown pounds you but does no damage.
Unknown command.
You closely miss the Killer Klown.
The Killer Klown is severely wounded.
You slash the Killer Klown!
You feel better.
You miss Alliu. You slash the Killer Klown! The Killer Klown barely misses you.
Alliu hits you. The Killer Klown kneecaps you! The Killer Klown freezes you!
You resist. The Killer Klown closely misses you.
The torturous chaos champion hits you but does no damage.
Unknown command.
You closely miss the Killer Klown.
The Killer Klown is severely wounded.
You miss the Killer Klown. You completely miss Alliu.
You slash the Killer Klown! The Killer Klown defenestrates you!!
The Killer Klown drains your vigour!
You feel yourself slow down. The Killer Klown pokes you.
You are engulfed in flames!
You resist. Alliu closely misses you.
The Killer Klown tickles you but does no damage.
The Killer Klown misses you.
The Killer Klown defenestrates you but does no damage.
Unknown command.
You carve the chaos spawn like a ham!!!
You kill the chaos spawn!
Makhleb accepts your kill.
You feel better.
The chaos spawn degenerates into a cloud of primal chaos!
You closely miss Alliu. You slash the Killer Klown!
You feel better.
You slice the Killer Klown!!
You feel better.
You slash the Killer Klown!
You feel better. The Killer Klown closely misses you. Alliu hits you!!
The Killer Klown wrestles you! The Killer Klown hits you!
You die...

You could see Alliu, 3 Killer Klowns, an iron troll shaped shifter, a torturous chaos champion and a wolf spider.

Vanquished Creatures
  A pandemonium lord (Zig:6)
  2 ancient liches
  A juggernaut (Zig:8)
  Margery (Crypt:3)
  6 golden dragons
  A profane servitor (Zig:6)
  A Tzitzimitl (Zig:6)
  A bone dragon (Crypt:3)
  6 liches
  4 tentacled monstrosities (Vaults:5)
  6 titans (Vaults:5)
  Asterion (Spider:2)
  4 deep elf master archers (Elf:3)
  4 deep elf blademasters
  A quicksilver dragon (Vaults:5)
  3 sphinxes
  5 shadow dragons (Vaults:5)
  5 ancient champions
  5 tengu reavers
  Roxanne (Shoals:1)
  4 storm dragons
  Ilsuiw (Shoals:4)
  4 revenants
  Kirke (Shoals:1)
  8 fire giants
  9 frost giants
  A fire giant (shapeshifter) (Zig:10)
  7 deep elf sorcerers
  2 draconian knights
  2 ghost moths
  9 vault wardens
  5 ghouls
  The ghost of WhatIsLove the Maledictor, an adept FeEn of Ashenzari (Depths:2)
  4 emperor scorpions (Spider:4)
  3 curse skulls
  3 deep elf elementalists
  20 orc warlords
  2 reapers
  30 very ugly things
  10 ironheart preservers
  A blood saint (Zig:6)
  2 war gargoyles (Vaults:5)
  2 spriggan defenders
  11 stone giants
  A black draconian (Zig:3)
  2 draconian callers
  2 entropy weavers (shapeshifter)
  4 entropy weavers
  5 deep elf demonologists
  4 deep elf annihilators
  9 vampire knights
  A lorocyproca (Depths:3)
  2 mottled draconians (Depths:5)
  2 red draconians (Depths:5)
  11 spark wasps
  A purple draconian (Depths:5)
  4 eidola
  2 large abominations (Vaults:5)
  Snorg (D:14)
  6 deep elf death magi
  11 ettins
  7 merfolk javelineers
  9 merfolk impalers
  The ghost of Xiguana the Fighter, a journeyman MiBe of Trog (Bailey)
  6 deep elf high priests
  17 jiangshi
  A quicksilver dragon zombie (Crypt:1)
  7 fire dragons
  12 great orbs of eyes
  A caustic shrike simulacrum (Depths:3)
  6 rakshasas
  A catoblepas (Shoals:3)
  11 yaktaur captains
  2 quicksilver dragon skeletons
  2 hydras
  7 merfolk aquamancers
  4 merfolk avatars
  A spriggan air mage (Depths:3)
  Erica (D:8)
  8 ice dragons
  25 vault guards
  3 death knights
  A ghost crab (Zig:5)
  10 centaur warriors
  6 death yaks
  An alligator snapping turtle (Shoals:4)
  A small abomination (Elf:3)
  16 ogre magi
  9 deep troll shamans
  4 deep troll earth magi
  The ghost of removeelyvilon the Destroyer, a novice DrCj of Kikubaaqudgha (D:8)
  4 orc high priests
  9 vampire magi
  A satyr (Shoals:2)
  3 tengu warriors
  31 dancing weapons
  4 spriggan berserkers
  A titan zombie (Crypt:2)
  2 spriggans (Depths:4)
  The ghost of CypherZel the Fighter, a novice MiFi of Okawaru (Bailey)
  A fire crab (shapeshifter) (Depths:2)
  2 salamander mystics
  5 iron trolls
  7 shadow wraiths
  10 soul eaters
  21 deep elf knights
  31 skeletal warriors
  A spriggan druid (Zig:5)
  16 hell knights
  6 sea snakes
  A storm dragon skeleton (Zig:4)
  18 deep trolls
  5 flayed ghosts
  4 unseen horrors
  3 hill giants
  2 giant orange brains
  17 deep elf archers
  14 ironbrand convokers
  4 wizards
  A golden dragon skeleton (Crypt:3)
  10 necromancers
  6 phantasmal warriors
  A sphinx zombie (Depths:3)
  8 orc knights
  10 orc sorcerers
  29 ugly things
  A wolf spider zombie (Crypt:1)
  A wolf spider (shapeshifter) (Depths:5)
  9 harpies
  2 cyclopes
  3 fire giant zombies
  50 deep elf magi
  12 orb spiders
  16 wolf spiders
  3 fauns (Shoals:2)
  3 moths of wrath
  4 griffons
  4 hornets
  A shadow dragon skeleton (Crypt:3)
  4 sirens
  A stone giant zombie (Crypt:1)
  5 manticores
  5 elephants (Lair:6)
  8 salamanders
  2 black mambas
  An iron dragon skeleton (Zig:7)
  A cyclops (shapeshifter) (Vaults:5)
  A stone giant skeleton (Crypt:1)
  Maurice (D:8)
  A rust devil (Depths:3)
  A frost giant skeleton (Vaults:1)
  A fire giant skeleton (Depths:3)
  An apocalypse crab (Zig:10)
  9 vault sentinels
  Psyche (D:8)
  5 water nymphs
  A torpor snail (Spider:3)
  2 centaur skeletons
  2 gargoyles
  2 kobold demonologists
  4 spiny frogs
  A white draconian zombie (Crypt:3)
  5 spectral swamp worms (Depths:4)
  A rime drake (Lair:3)
  69 yaktaurs
  A dire elephant skeleton (Crypt:3)
  6 demonic crawlers
  2 spriggan skeletons
  2 komodo dragons (shapeshifter)
  A komodo dragon (Lair:4)
  2 tormentors
  12 freezing wraiths
  2 guardian mummies (Depths:3)
  A red devil (Zig:4)
  A troll (shapeshifter) (Vaults:2)
  9 trolls
  5 tengu conjurers
  A black draconian skeleton (Crypt:2)
  A queen bee (Spider:2)
  7 polar bears
  A golden dragon simulacrum (Depths:3)
  32 merfolk
  2 meliai (Spider:2)
  21 jumping spiders
  A giant leech (Zig:5)
  A harpy zombie (Crypt:1)
  A wind drake (Zig:9)
  A griffon zombie (Crypt:1)
  2 boulder beetles
  An ice dragon zombie (Crypt:3)
  A minotaur skeleton (Crypt:2)
  A raiju (Lair:6)
  28 two-headed ogres
  17 slime creatures
  An ettin zombie (Crypt:2)
  A bog body (Zig:5)
  A stone giant simulacrum (Depths:2)
  9 snapping turtles
  A snapping turtle (shapeshifter) (Depths:5)
  A spriggan zombie (Zig:7)
  53 redbacks
  9 flying skulls
  A shadow (Crypt:3)
  A redback (shapeshifter) (D:14)
  3 ettin skeletons
  2 black mamba zombies
  9 water elementals
  2 wyverns
  A fire dragon skeleton (Crypt:3)
  36 yaks
  4 air elementals
  6 fire elementals
  9 wraiths
  A deep troll skeleton (Depths:1)
  13 tarantellas
  4 hogs (Shoals:1)
  4 basilisks
  3 humans (D:13)
  A hog (shapeshifter) (Depths:3)
  Grum (D:9)
  A chaos spawn (Zig:10)
  2 steam dragons (Lair:6)
  9 hippogriffs
  An elf simulacrum (Depths:1)
  A golden eye (shapeshifter) (Vaults:5)
  7 vampire mosquitoes
  19 wargs
  A human zombie (Zig:7)
  4 mottled dragons
  3 hungry ghosts
  An orb spider zombie (Crypt:2)
  A monstrous demonspawn zombie (Crypt:3)
  5 water moccasins
  2 deep troll zombies (Crypt:1)
  A human skeleton (Zig:7)
  17 hell hounds
  7 porcupines
  A giant eyeball (Depths:3)
  10 black bears
  An eye of draining (D:6)
  70 orc warriors
  7 sky beasts
  3 swamp drakes
  72 ogres
  An ice beast (D:6)
  An ettin simulacrum (Vaults:4)
  3 necrophages
  3 phantoms
  2 wasps (Depths:4)
  9 wolves
  18 centaurs
  4 boggarts (Depths:2)
  14 crocodiles
  A manticore skeleton (Crypt:3)
  A big kobold (D:12)
  A giant frog (shapeshifter) (Vaults:5)
  12 giant frogs
  3 deep troll simulacra
  2 earth elementals
  A cyclops zombie (Crypt:2)
  A yaktaur skeleton (Depths:1)
  A wyvern skeleton (D:11)
  3 scorpions
  12 wights
  A polar bear zombie (Crypt:3)
  12 killer bees
  7 howler monkeys
  A troll skeleton (Crypt:1)
  4 electric eels (D:10)
  5 centaur zombies
  5 crimson imps
  A giant frog zombie (D:12)
  15 hounds
  2 jellies
  2 giant frog skeletons
  19 orc priests
  A gnoll shaman (D:7)
  10 iguanas
  25 orc wizards
  12 worker ants
  3 hell rats (Lair:1)
  5 sheep
  A crocodile zombie (Crypt:3)
  A mottled dragon zombie (Crypt:1)
  A deep dwarf skeleton (Crypt:3)
  A mottled dragon skeleton (Crypt:3)
  An ogre skeleton (Crypt:2)
  A tengu skeleton (Crypt:1)
  2 hound skeletons
  2 worker ant zombies
  A howler monkey zombie (D:6)
  10 gnolls
  2 howler monkey skeletons
  26 river rats
  13 adders
  4 shadow imps
  An ooze (D:3)
  2 adder zombies
  An adder skeleton (D:7)
  2 ball lightnings (Depths:2)
  A worm (D:3)
  3 giant geckos
  125 orcs
  5 giant cockroaches
  15 goblins
  7 hobgoblins
  8 jackals
  26 kobolds
  4 quokkas
  A ball python (D:3)
  2 ball python skeletons
  5 bats
  8 giant newts
  A giant newt skeleton (Crypt:2)
  A goblin skeleton (Crypt:1)
  An orc skeleton (Crypt:3)
  A quokka skeleton (D:7)
  8 rats
  A rat zombie (Crypt:1)
  8 crawling corpses
  A fire vortex (Depths:4)
  A fungus (D:1)
  8 plants
2105 creatures vanquished.

Vanquished Creatures (collateral kills)
  Nikola (Vaults:1)
  The ghost of tsouns the Imperceptible, an adept KoMo of Hepliaklqana (Vaults:3)
  A tentacled monstrosity (Vaults:4)
  A deep elf master archer (Elf:3)
  2 deep elf blademasters (Elf:3)
  Polyphemus (Shoals:3)
  A sphinx (Vaults:3)
  Donald (Elf:1)
  2 frost giants (Vaults:4)
  5 emperor scorpions
  A deep elf sorcerer (Elf:3)
  Louise (Elf:1)
  A ghost moth (Spider:2)
  4 vault wardens
  Aizul (Spider:3)
  An ironheart preserver (Vaults:3)
  A deep elf elementalist (Elf:1)
  An entropy weaver (Vaults:4)
  3 stone giants
  7 very ugly things
  5 deep elf annihilators
  2 merfolk javelineers
  5 yaktaur captains
  Josephine (D:13)
  A merfolk impaler (Shoals:4)
  3 fire dragons
  An ettin (Vaults:3)
  3 hydras
  3 ice dragons
  3 vault guards
  2 rakshasas (Vaults:3)
  A centaur warrior (Vaults:3)
  An alligator snapping turtle (Shoals:3)
  4 ogre magi
  A merfolk avatar (Shoals:1)
  2 tengu warriors
  3 death yaks (Lair:5)
  A small abomination (Elf:3)
  2 deep elf knights
  A fire crab (shapeshifter) (Vaults:2)
  5 wizards
  An unseen horror (D:11)
  2 harpies (Vaults:2)
  5 hill giants
  3 deep elf archers
  6 ironbrand convokers
  3 deep trolls (Vaults:3)
  5 orb spiders
  A necromancer (Vaults:1)
  5 orc knights
  6 cyclopes
  A faun (Shoals:3)
  7 wolf spiders
  11 deep elf magi
  4 griffons
  12 ugly things
  3 manticores
  4 elephants (Lair:6)
  3 vault sentinels (Vaults:1)
  A siren (Shoals:2)
  A fire giant skeleton (Vaults:1)
  A guardian serpent (shapeshifter) (Vaults:1)
  A water nymph (Shoals:3)
  A black mamba (Lair:1)
  2 torpor snails
  2 spiny frogs
  2 gargoyles
  2 kobold demonologists
  4 demonic crawlers
  A rime drake (Lair:6)
  4 komodo dragons
  11 yaktaurs
  A freezing wraith (Vaults:3)
  21 jumping spiders
  A tengu conjurer (D:14)
  8 merfolk
  2 trolls
  2 polar bears (Lair:6)
  A meliai (Spider:2)
  2 two-headed ogres
  A meliai zombie (D:14)
  A raiju (Lair:6)
  A slime creature (Vaults:1)
  5 boulder beetles
  A snapping turtle (Shoals:4)
  6 tarantellas
  A water elemental (Elf:3)
  A tarantella (shapeshifter) (Vaults:1)
  2 wraiths (D:13)
  A shadow (D:11)
  22 redbacks
  18 yaks
  A basilisk (Lair:6)
  2 vampire mosquitoes (D:14)
  A yak (shapeshifter) (Vaults:1)
  2 fire elementals
  8 hippogriffs
  13 humans (D:13)
  A steam dragon (Lair:6)
  A hippogriff (shapeshifter) (Vaults:3)
  A yaktaur simulacrum (Vaults:3)
  6 wargs
  2 soldier ants
  9 water moccasins
  3 porcupines
  2 hell hounds (Lair:6)
  7 orc warriors
  4 wasps
  2 ice beasts
  4 black bears (Lair:6)
  17 ogres
  11 wolves
  9 centaurs
  6 crocodiles
  6 giant frogs
  6 killer bees (Spider:2)
  2 howler monkeys (D:14)
  2 electric eels
  2 centaur zombies
  2 crimson imps
  9 hounds
  A jelly (D:12)
  3 orc wizards
  An orc priest (Orc:2)
  3 iguanas
  A centaur skeleton (D:11)
  4 hell rats (Lair:1)
  7 sheep
  2 gnolls (Orc:2)
  An adder (D:11)
  29 river rats
  8 orcs
  2 hobgoblins (Bailey)
  3 kobolds
  A crawling corpse (Elf:3)
  4 fungi
  8 plants
519 creatures vanquished.

Vanquished Creatures (others)
  A titan (Vaults:5)
  A tengu reaver (Vaults:5)
  6 orc warlords
  A deep elf sorcerer (Elf:3)
  3 orc high priests
  2 merfolk javelineers (Shoals:4)
  3 orc sorcerers
  A merfolk aquamancer (Shoals:4)
  17 orc knights
  A deep elf mage (Elf:1)
  A wind drake (Shoals:3)
  A snapping turtle (Shoals:4)
  A redback (Vaults:3)
  An insubstantial wisp (Zig:5)
  19 orc warriors
  A wolf (Lair:6)
  A centaur (Orc:2)
  A human skeleton (Vaults:1)
  7 orc priests
  8 orc wizards
  An adder zombie (D:5)
  2 ball lightnings (Depths:2)
  44 orcs
  9 fungi
  34 plants
167 creatures vanquished.

Grand Total: 2791 creatures vanquished

Action                   |  1- 3 |  4- 6 |  7- 9 | 10-12 | 13-15 | 16-18 | 19-21 | 22-24 | 25-27 || total
-------------------------+-------+-------+-------+-------+-------+-------+-------+-------+-------++-------
Melee: Unarmed           |    50 |       |       |       |       |       |       |       |       ||    50
       Dagger            |   100 |   291 |   436 |   166 |       |       |       |       |       ||   993
       Broad axe         |       |       |       |   715 |       |       |       |       |       ||   715
       Battleaxe         |       |       |       |    64 |   808 |       |       |       |       ||   872
       Flail             |       |       |       |    12 |     5 |       |       |       |       ||    17
       Executioner's axe |       |       |       |       |   210 |   815 |  1130 |  1079 |   805 ||  4039
       Demon blade       |       |       |       |       |       |       |       |     7 |       ||     7
Throw: Javelin           |    17 |       |    13 |    28 |    19 |     6 |       |       |       ||    83
       Throwing net      |       |       |     1 |     2 |       |       |       |       |     1 ||     4
 Cast: Regeneration      |       |       |       |       |       |       |       |    13 |     7 ||    20
       Song of Slaying   |       |       |       |       |       |       |       |     2 |    10 ||    12
Invok: Convert to Beogh  |       |     1 |       |       |       |       |       |       |       ||     1
       Smiting           |       |       |     4 |     7 |    18 |    23 |    17 |       |       ||    69
       Recall Orcish Fol |       |       |       |     1 |     8 |     5 |    12 |       |       ||    26
       Give Item to Name |       |       |       |       |     5 |     8 |     5 |       |       ||    18
       Resurrection      |       |       |       |       |       |     1 |       |       |       ||     1
       Stop Recall       |       |       |       |       |       |       |     1 |       |       ||     1
       Major Destruction |       |       |       |       |       |       |       |       |     1 ||     1
Evoke: Wand              |       |       |     2 |    21 |     3 |       |     6 |       |     2 ||    34
  Use: Scroll            |       |       |       |    25 |    17 |     9 |     8 |    16 |    15 ||    90
       Potion            |       |       |       |    12 |     1 |    14 |    14 |     3 |     7 ||    51
 Stab: Held in net/web   |       |       |     1 |     1 |       |       |       |       |     2 ||     4
       Paralysed         |       |       |       |     5 |       |       |       |       |       ||     5
       Distracted        |       |       |       |     3 |    13 |    12 |     7 |       |       ||    35
       Invisible         |       |       |       |       |       |     3 |    20 |       |       ||    23
  Eat: Chunk             |     4 |     8 |    10 |    30 |    47 |    39 |    49 |    30 |     6 ||   223
       Beef jerky        |       |       |     1 |     2 |     1 |       |       |     3 |       ||     7
       Royal jelly       |       |       |     1 |     2 |       |       |     3 |       |     1 ||     7
       Fruit             |       |       |       |     2 |     4 |       |       |     7 |     5 ||    18
       Pizza             |       |       |       |     2 |     1 |       |       |       |     2 ||     5
       Meat ration       |       |       |       |     1 |     1 |     4 |     2 |     1 |     1 ||    10
Armor: Robe              |    22 |       |       |       |       |       |       |       |       ||    22
       Scale mail        |    16 |   148 |     5 |       |       |       |       |       |       ||   169
       Chain mail        |       |       |    29 |       |   273 |   348 |       |       |       ||   650
       Plate armour      |       |       |   239 |   820 |   749 |       |       |       |       ||  1808
       Storm dragon armo |       |       |       |       |       |   220 |   561 |   416 |       ||  1197
       Crystal plate arm |       |       |       |       |       |       |     1 |       |       ||     1
       Gold dragon armou |       |       |       |       |       |       |       |   293 |   609 ||   902
Dodge: Dodged            |    73 |   139 |   119 |   312 |   586 |   455 |   656 |   632 |   500 ||  3472

Vault maps used:
D:1:      matt_arrival_los_fun, minmay_gold_behind_fungi
D:2:      first_bread, minmay_misc_feat_cross
D:3:      wad_lake_hut, marbit_many_paths
D:5:      overflow_temple_1_default, nrook_mini_vaults
D:6:      kennysheep_six_static_rooms, nicolae_overflow_crystal_walls,
          old_standard_altar
D:7:      overflow_temple_1_default, kennysheep_mini, lemuel_round_altar
D:8:      kennysheep_generic_room_5, uniq_maurice, uniq_psyche, uniq_erica
D:9:      grunt_temple_overflow_open, uniq_grum
D:10:     basic_altar, enter_bailey_2, grunt_tengu_nest,
          nicolae_gozag_zags_fifth_avenue
D:11:     orc_0_dummy, st_stairs_6, nrook_loot_triangle
D:13:     grunt_vaults_entry_tiered, fedhas_altar_3, uniq_josephine
D:14:     grunt_dithmenos_smoke_and_mirrors, uniq_snorg
D:15:     grunt_enter_depths_giant_problem, columned_hall_lemuel
Temple:   cyrus_temple_forest
Lair:1:   basic_altar, grunt_megastairs_1, serial_bayou_shore_b
Lair:2:   infiniplex_staircase_pool_2
Lair:4:   minmay_shoals_entry_beasts, spider_nest_entry_a,
          minmay_stone_trees_small, infiniplex_staircase_pool,
          grunt_megastairs_5
Lair:5:   wad_woods_stonehenge, slime_altar_1
Lair:6:   hangedman_lair_caniforms_friends, guppyfry_lair_end_dragon,
          serial_bayou_shore_b
Shoals:1: overgrown_tower, uniq_roxanne, uniq_kirke
Shoals:3: nicolae_shoals_square_sea_wall, nicolae_shoals_dead_sea_scrolls,
          uniq_polyphemus
Shoals:4: shoals_end_grunt_ice, shoals_ilsuiw_alternative, serial_shops,
          shop_fountains
Spider:2: nicolae_looking_at_the_future, uniq_asterion
Spider:3: uniq_aizul
Spider:4: grunt_spider_rune_circles
Orc:2:    st_orc_rangers, serial_shops, nicolae_shop_trees, basic_altar
Elf:1:    eino_elf_arrival_the_gate, minmay_elf_demonology, minmay_shoptagon,
          uniq_louise, uniq_donald
Elf:3:    minmay_elf_hall, serial_shops, shop
Vaults:1: grunt_vaults_hallway_long, vaults_room_fours, st_lines, v_misc_1,
          v_misc_8, nicolae_vaults_big_angled_halls, nicolae_vaults_big_ls,
          v_misc_3, ontoclasm_vaults_chip, v_misc_14, ontoclasm_vaults_eye,
          v_misc_25, nicolae_vaults_rhombus_5, serial_shops,
          nicolae_shop_crystal, uniq_nikola
Vaults:2: nicolae_vaults_ring_of_whatevers, minmay_crypt_entry_simple_walls,
          grunt_vaults_diagonal, v_misc_8, v_misc_11,
          hangedman_vaults_restitches, ontoclasm_vaults_spin,
          nicolae_vaults_puzzle_piece, v_rooms_2, v_misc_30,
          ontoclasm_vaults_gateway, vaults_room_large_hall,
          nicolae_vaults_little_squares_6
Vaults:3: st_lattice, v_alt_pattern_1, nicolae_vaults_network_quincunx,
          v_misc_19, hangedman_vaults_slice, v_misc_19, v_pattern_2,
          nicolae_vaults_big_angled_halls, v_rooms_5,
          nicolae_vaults_little_squares_6, serial_shops, shop_fountains
Vaults:4: vaults_room_pools, v_misc_10, st_diamondy, v_misc_33, v_misc_9,
          v_misc_4, v_misc_16, ontoclasm_vaults_twist, serial_shops, shop
Vaults:5: serial_shops
Crypt:1:  skrybe_necro_troll_1
Crypt:2:  grunt_ministairs_2, grunt_megastairs_2, lemuel_elevator
Crypt:3:  david_glass_crypt, nicolae_tomb_entry_rubble_hallway,
          corexii_leaking_fountain, uniq_margery
Depths:1: pan_entry, hangedman_abyss_or_decor_stagger, grunt_hell_horde,
          minmay_misc_feat_tiny, grunt_ministairs_4, nicolae_transmutations_shop
Depths:2: kennysheep_ambush_hall, pf_dread_powers_of_hell, abyss_entry,
          nicolae_lava_and_water, kennysheep_doodads, nicolae_two_hexagons,
          infiniplex_staircase_river
Depths:3: minmay_open_boxes_in_corner, ziggurat_fallback,
          grunt_hell_entry_dis_mu, pan_entry, minmay_misc_feat_secret_circle,
          serial_shops, shop, nicolae_trove_entry_path_of_doom,
          abyss_entry_small_statue_room, dk_noncrumbling_3,
          nrook_kobold_shadow_demons
Depths:4: evilmike_wizard_prison, abyss_entry, pf_hell_entry_tar_river,
          roderic_greek_sauvastika, infiniplex_staircase_pillars_3a
Depths:5: grunt_zot_entry_tricorne, serial_shops, shop,
          serial_sigils_hangedman_quiver, hell_entry
Zig:5:    ziggurat_pillar_centre_c
Trove:    trove_armour_1
Bailey:   bailey_axe_bossmonster_kennysheep, bailey
